 Dungeon Crawl Stone Soup version 0.31.0-11-ge490571c62 (webtiles) character file.

Game seed: 8064743940637739260

289 qw the Skirmisher (level 6, -1/36 HPs)
             Began as a Deep Elf Hunter on Feb 4, 2024.
             Slain by a gnoll
             ... wielding a +0 spear
             ... led by a gnoll bouda
              (9 damage)
             ... on level 4 of the Dungeon.
             The game lasted 00:00:10 (2350 turns).

qw the Skirmisher (Deep Elf Hunter)                 Turns: 2350, Time: 00:00:11

Health: -1/36      AC:  5    Str: 10    XL:     6   Next: 9%
Magic:  8/8        EV: 11    Int: 14    God:
Gold:   187        SH:  0    Dex: 18    Spells: 5/5 levels left

rFire   . . .        a - +0 shortbow
rCold   . . .        (shield currently unavailable)
rNeg    . . .        k - +0 ring mail
rPois   .            (no helmet)
rElec   .            (no cloak)
rCorr   .            (no gloves)
SInv    .            (no boots)
Will    .....        (no amulet)
Stlth   +            (no ring)
HPRegen 0.26/turn    (no ring)
MPRegen 0.11/turn

%: no passive effects
@: about to teleport, weakened
A: no striking features
a: no special abilities


You were on level 4 of the Dungeon.
You visited 1 branch of the dungeon, and saw 5 of its levels.

You collected 187 gold pieces.


   Skills:
 - Level 2.4 Fighting
 + Level 9.2 Ranged Weapons
 - Level 2.4 Dodging
 - Level 1.2 Stealth


You had 5 spell levels left.
You didn't know any spells.
Your spell library was empty.

Inventory:

Hand Weapons
 a - a +0 shortbow (weapon)
Armour
 k - a +0 ring mail (worn)
Potions
 b - a potion of might
 f - a potion of cancellation
 h - a potion of curing
 i - a potion of ambrosia

Dungeon Overview and Level Annotations

Branches:
Dungeon (5/15)
 Temple: D:4-7

Altars:
Trog
Wu Jian
The Shining One


Message History

The gnoll is heavily wounded.
Your attacks no longer feel as feeble.
A gnoll comes into view. It is wielding a +0 club.
The gnoll hits you with a +0 club.
Enter note:
Enter note:
2343 ||| RETREEEEATING.
You shoot an arrow. The arrow closely misses the gnoll.
The arrow hits the gnoll bouda.
The gnoll bouda is moderately wounded.
The gnoll hits you with a +0 club.
You shoot an arrow.
The arrow hits the gnoll but does no damage.
The gnoll is heavily wounded.
The gnoll bouda calls upon its god to heal the gnoll.
The gnoll is healed somewhat.
The gnoll hits you with a +0 club.
You shoot an arrow.
The arrow closely misses the gnoll bouda.
The gnoll bouda hits you with a +0 whip!
The gnoll hits you with a +0 club.
The gnoll hits you from afar with a +0 spear.
Enter note:
2347 ||| RETREEEEATING.
You shoot an arrow.
The arrow hits the gnoll bouda but does no damage.
The gnoll bouda is lightly wounded.
The gnoll bouda misses you.
The gnoll hits you from afar with a +0 spear.
2349 ||| READING scroll of teleportation.
As you read the scroll of teleportation, it crumbles to dust.
You feel strangely unstable.
The gnoll bouda hits you with a +0 whip.
The gnoll hits you but does no damage.
You shoot an arrow. The arrow hits the gnoll bouda.
The gnoll bouda is moderately wounded.
The gnoll bouda gazes fiercely through you!
You feel your attacks grow feeble. The gnoll bouda barely misses you.
The gnoll hits you from afar with a +0 spear!
You die...

.....%..........# #..#
................#########..#
...........................#
###############...########.#
##..## #.# #...# #.# #.#.##
####.# #.#..###....#
#@##.....#### ###g#####..#
#ggg.....>.####
#g#...........#
#.########)######### #)
#.###.....# #g #.....ยค._.#
#g #####.....# #. #######


You could see a gnoll bouda and 3 gnolls.

Vanquished Creatures
  Blork the orc (D:5)
  A scorpion (D:5)
  An orc priest (D:3)
  A gnoll (D:4)
  5 adders
  2 ufetubi (D:5)
  A ribbon worm (D:3)
  2 dart slugs
  4 orcs
  6 bats
  3 endoplasms
  2 giant cockroaches (D:1)
  4 goblins
  6 hobgoblins
  4 jackals
  6 quokkas
  6 ball pythons
  A frilled lizard (D:2)
  2 kobolds
  5 rats
63 creatures vanquished.

Notes
Turn   | Place    | Note
-------+----------+-------------------------------------------
     0 | D:1      | qw the Deep Elf Hunter began the quest for the Orb.
     0 | D:1      | Reached XP level 1. HP: 12/12 MP: 3/3
     0 | D:1      | 0 ||| qw: Version: 0.3-a-160-g6735b56
     0 | D:1      | 0 ||| qw: Game counter: 4965
     0 | D:1      | 0 ||| qw: Melee chars always use a shield: true
     0 | D:1      | 0 ||| qw: God list: Okawaru
     0 | D:1      | 0 ||| qw: Allow faded altars: false
     0 | D:1      | 0 ||| qw: Do Orc after clearing Dungeon:15 true
     0 | D:1      | 0 ||| qw: Do second Lair branch before Depths: true
     0 | D:1      | 0 ||| qw: Lair rune preference: random
     0 | D:1      | 0 ||| qw: Goals: Normal
     0 | D:1      | 0 ||| PLANNING D:1-11
    92 | D:1      | Reached XP level 2. HP: 16/16 MP: 4/4
    93 | D:1      | Reached skill level 6 in Ranged Weapons
   430 | D:1      | Reached XP level 3. HP: 20/20 MP: 5/5
   490 | D:1      | 490 ||| READING 2 scrolls labelled TOITUD YGRUNAR.
   493 | D:1      | 493 ||| READING scroll labelled JEAF NUESALESH.
   494 | D:1      | 494 ||| READING scroll labelled VYZIHE EJOTOLI.
   495 | D:1      | 495 ||| READING scroll labelled QUTONO IXEHEPS.
   596 | D:1      | 596 ||| READING scroll labelled YNUGUMP KARE.
   597 | D:1      | 597 ||| DRINKING 2 metallic purple potions.
   598 | D:1      | 598 ||| DROPPING scroll of butterflies.
   702 | D:2      | 702 ||| DROPPING +3 sling.
   704 | D:2      | Found a faded altar of an unknown god.
   903 | D:2      | Reached skill level 7 in Ranged Weapons
  1094 | D:2      | 1094 ||| READING scroll labelled TALAZX EGOG.
  1094 | D:2      | 1094 ||| ENCHANTING +0 shortbow.
  1095 | D:2      | 1095 ||| READING scroll labelled PIM NEAGROCLU.
  1095 | D:2      | 1095 ||| IDENTIFYING fizzy orange potion
  1096 | D:2      | 1096 ||| DRINKING 2 grey potions.
  1097 | D:2      | 1097 ||| DRINKING 2 green potions.
  1280 | D:3      | Reached XP level 4. HP: 25/25 MP: 6/6
  1308 | D:3      | Found a glowing golden altar of the Shining One.
  1361 | D:3      | HP: 6/25 [poisoned by an adder]
  1416 | D:3      | 1416 ||| FLEEEEING.
  1417 | D:3      | 1417 ||| FLEEEEING.
  1421 | D:3      | 1421 ||| FLEEEEING.
  1467 | D:3      | Identified the +7 plate armour of Kiqy {Dex+6}
  1507 | D:3      | Reached skill level 8 in Ranged Weapons
  1573 | D:3      | Found an ornate altar of the Wu Jian Council.
  1979 | D:3      | 1979 ||| UPGRADING to +0 ring mail.
  1989 | D:3      | 1989 ||| DROPPING +0 leather armour.
  1990 | D:3      | 1990 ||| READING scroll labelled QIEKHU VAHACU.
  2132 | D:4      | You fall into a shaft and drop 1 floor!
  2132 | D:5      | Entered Level 5 of the Dungeon
  2147 | D:5      | Noticed a centaur
  2148 | D:5      | 2148 ||| DRINKING potion of haste.
  2152 | D:5      | HP: 3/25 [ufetubus (4)]
  2153 | D:5      | 2153 ||| READING 2 scrolls of teleportation.
  2154 | D:5      | 2154 ||| DRINKING potion of heal wounds.
  2157 | D:5      | Reached XP level 5. HP: 22/29 MP: 7/7
  2185 | D:5      | Noticed Blork the orc
  2193 | D:5      | Killed Blork the orc
  2194 | D:5      | Reached skill level 9 in Ranged Weapons
  2203 | D:5      | Reached XP level 6. HP: 36/36 MP: 8/8
  2204 | D:5      | 2204 ||| READING 2 scrolls of identify.
  2204 | D:5      | 2204 ||| IDENTIFYING yellow potion
  2205 | D:5      | 2205 ||| READING scroll of identify.
  2205 | D:5      | 2205 ||| IDENTIFYING bubbling dark potion
  2206 | D:5      | 2206 ||| READING scroll labelled ITHEID ZINEAS.
  2207 | D:5      | 2207 ||| READING scroll labelled HUAL VEWOCVYL.
  2209 | D:5      | 2209 ||| FLEEEEING.
  2210 | D:5      | 2210 ||| FLEEEEING.
  2211 | D:5      | 2211 ||| STAIRDANCE
  2315 | D:4      | Found a bloodstained altar of Trog.
  2343 | D:4      | 2343 ||| RETREEEEATING.
  2347 | D:4      | 2347 ||| RETREEEEATING.
  2348 | D:4      | HP: 9/36 [gnoll/+0 spear[a gnoll bouda] (1)]
  2349 | D:4      | 2349 ||| READING scroll of teleportation.
  2350 | D:4      | Slain by a gnoll

Levels and vault maps discovered:
D:1:      dpeg_arrival_leaves_temple_mockup, layout_rooms
D:2:      layout_basic, ebering_ecumenical_altar_box
D:3:      layout_basic, pdpol_wu_jian_five_deadly_venoms, tso_altar
D:4:      layout_basic, trog_book, temple_pool_b
D:5:      layout_rooms, uniq_sigmund, uniq_eustachio, uniq_blork_the_orc

Skill      XL: |  1  2  3  4  5 |
---------------+----------------+-----
Ranged Weapons | 6 7 8 9 |  9.2
Fighting       | 2 |  2.4
Dodging        | |  2.4
Stealth        | |  1.2

Action                     |  1- 3 |  4- 6 || total
---------------------------+-------+-------++-------
   Fire: Shortbow          |   129 |    86 ||   215
    Use: Scroll            |     7 |     7 ||    14
         Potion            |     3 |     2 ||     5
 Armour: Leather armour    |    16 |    13 ||    29
         Ring mail         |       |    31 ||    31
  Dodge: Dodged            |    21 |    25 ||    46

Table legend:
 A = Non-vault XP
 B = Vault XP
 C = Vault XP percentage of total XP
 D = Non-vault monster count
 E = Vault monster count
 F = Vault count percentage of total count
                 A         B        C        D         E       F
            +---------+---------+-------+---------+---------+-------
      Total |     318 |      96 |  23.2 |      62 |       1 |   1.6
            +---------+---------+-------+---------+---------+-------
        D:1 |      43 |       0 |   0.0 |      24 |       0 |   0.0
        D:2 |      30 |       0 |   0.0 |      12 |       0 |   0.0
        D:3 |     117 |       0 |   0.0 |      19 |       0 |   0.0
        D:4 |      20 |       0 |   0.0 |       3 |       0 |   0.0
        D:5 |     108 |      96 |  47.1 |       4 |       1 |  20.0
            +---------+---------+-------+---------+---------+-------
